 Dungeon Crawl Stone Soup version 0.29-a0-317-gd16b76e6b1 (webtiles) character file.

Game seed: 11637848808384346900

1672 Murumi the Skirmisher (level 9, -8/72 HPs)
             Began as a Formicid Abyssal Knight on Mar 30, 2022.
             Was an Elder of Lugonu.
             Killed from afar by Maggie (20 damage)
             ... with a bolt of fire
             ... on level 6 of the Dungeon.
             The game lasted 00:22:19 (6815 turns).

Murumi the Skirmisher (Formicid Abyssal Knight)     Turns: 6815, Time: 00:22:19

Health: -8/72      AC: 15    Str: 22    XL:     9   Next: 21%
Magic:  12/12      EV:  7    Int:  5    God:    Lugonu [****..]
Gold:   384        SH:  0    Dex: 11    Spells: 8/8 levels left

rFire   . . .      SeeInvis +   n - +9 whip "Ikhien" {vorpal, rElec Will+ Int-5}
rCold   . . .      Faith    .   (no shield)
rNeg    . . .      Spirit   .   s - +0 plate armour
rPois   .          Reflect  .   (helmet unavailable)
rElec   +          Harm     .   m - +0 cloak
rCorr   .          Rampage  .   (no gloves)
Will    ++...                   p - +0 pair of boots
Stlth   ..........              (no amulet)
HPRegen 0.22/turn               f - ring of willpower
MPRegen 0.13/turn               (no ring)

@: mesmerised
A: permanent stasis, dig shafts and tunnels, antennae 3, four strong arms
a: Dig, Shaft Self, Renounce Religion, Depart the Abyss, Bend Space, Banish,
Corrupt


You were on level 6 of the Dungeon.
You worshipped Lugonu.
Lugonu was greatly pleased with you.
You visited 1 branch of the dungeon, and saw 6 of its levels.
You visited the Abyss 1 time.

You collected 384 gold pieces.

Inventory:

Hand Weapons
 c - a +0 whip of venom
 n - the +9 whip "Ikhien" (weapon) {vorpal, rElec Will+ Int-5}
   (You found it on level 4 of the Dungeon)

   It inflicts extra damage upon your enemies.
   Int:       It affects your intelligence (-5).
   rElec:     It insulates you from electricity.
   Will:      It increases your willpower.
Armour
 m - a +0 cloak (worn)
 p - a +0 pair of boots (worn)
 s - a +0 plate armour (worn)
Jewellery
 f - a ring of willpower (left hand)
Wands
 r - a wand of paralysis (9)
Scrolls
 h - a scroll of fog
 i - 3 scrolls of enchant weapon
 o - a scroll of brand weapon
Potions
 a - 3 potions of lignification {unknown}
 b - 2 potions of attraction
 d - 6 potions of heal wounds
 e - a potion of invisibility {unknown}
 g - a potion of resistance {unknown}
 j - 2 potions of flight
 l - 2 potions of curing {unknown}
 q - a potion of cancellation {unknown}


   Skills:
 - Level 7.0 Fighting
 + Level 5.1 Maces & Flails
 - Level 7.0 Armour
 - Level 2.0 Dodging
 - Level 4.0 Stealth
 - Level 4.0 Invocations
 - Level 3.0 Evocations


You had 8 spell levels left.
You didn't know any spells.
Your spell library contained the following spells:

 Spells                   Type           Power      Damage    Failure   Level
 Animate Skeleton         Necr           0%         N/A       100%        1
 Pain                     Necr           0%         1d4       100%        1
 Call Canine Familiar     Summ           0%         N/A       100%        3
 Portal Projectile        Hex/Tloc       0%         N/A       100%        3
 Vampiric Draining        Necr           0%         2d6       100%        3
 Leda's Liquefaction      Hex/Erth       0%         N/A       100%        4
 Blade Hands              Tmut           0%         N/A       100%        5
 Irradiate                Conj/Tmut      0%         3d13      100%        5
 Dragon Form              Tmut           0%         N/A       100%        7


Dungeon Overview and Level Annotations

Branches:
Dungeon (6/15)             Temple (0/1) D:5

Altars:
Fedhas
Nemelex Xobeh
Ru
Xom
The Shining One

Shops:
D:2 :

Annotations:
D:6 Maggie


Innate Abilities, Weirdness & Mutations

You cannot be hasted, slowed, berserked, paralysed or teleported.
You can dig through walls and to a lower floor.
You have a pair of large antennae on your head. (SInv)
Your four strong arms can wield two-handed weapons with a shield.


Message History

You hit Maggie.
Maggie is lightly wounded.
Maggie barely misses you.
You barely miss Maggie.
Maggie is lightly wounded.
Maggie barely misses you.
You whack Maggie!
Maggie is moderately wounded.
Maggie says, "How do the people who live here stand the isolation?"
Maggie barely misses you.
You barely miss Maggie.
Maggie is moderately wounded.
You whack Maggie!
Maggie is moderately wounded.
Maggie mumbles some strange words.
Maggie draws you further into her thrall.
You hit Maggie.
Maggie is heavily wounded.
Maggie hits you with the +9 lance "Wyrmbane" {slay drac, rPois rF+ rC+ AC+3}!
* * * LOW HITPOINT WARNING * * *
You whack Maggie!
Maggie is severely wounded.
Maggie barely misses you.
You hit Maggie but do no damage.
Maggie is severely wounded.
Maggie hits you but does no damage.
You closely miss Maggie.
Maggie is severely wounded.
Maggie hits you with the +9 lance "Wyrmbane" {slay drac, rPois rF+ rC+ AC+3}!
* * * LOW HITPOINT WARNING * * *
You feel much better.
A centaur comes into view. It is carrying a wand of paralysis (8).
Maggie hits you with the +9 lance "Wyrmbane" {slay drac, rPois rF+ rC+ AC+3}!
* * * LOW HITPOINT WARNING * * *
The centaur shouts!
You hit Maggie.
Maggie is severely wounded.
Maggie points at you and mumbles some strange words.
The bolt of fire hits you!!
You die...

##########################.#
########[# .........#
########.# #.# #.# #.#
##.##############.#
..cgYO@@..........#
...#.#################
##....... { { .......#
#...g..# #..O... #.g..# { {
#.g..###. { #<.......


You could see Maggie (mesmerising), a two-headed ogre, a sky beast, a centaur
and a gnoll shaman.

Vanquished Creatures
  Grinder (D:5)
  Menkaure (D:4)
  An orc warrior (D:6)
  Duvessa (D:5)
  An ice beast (D:5)
  3 ogres
  A necrophage (D:6)
  2 scorpions (D:5)
  Dowan (D:5)
  A jelly (D:5)
  An orc priest (D:6)
  4 hounds
  Jessica (D:3)
  2 iguanas
  2 orc wizards (D:4)
  Natasha (thrice) (D:2)
  Robin (D:2)
  6 gnolls
  4 adders
  A white imp (D:5)
  An ufetubus (D:5)
  A worm (D:2)
  2 dart slugs
  10 orcs
  6 endoplasms
  4 giant cockroaches
  15 goblins
  11 hobgoblins
  7 jackals
  6 kobolds
  A quokka (D:1)
  6 ball pythons
  3 bats
  A frilled lizard (D:1)
  6 rats
118 creatures vanquished.

Notes
Turn   | Place    | Note
-------+----------+-------------------------------------------
     0 | Abyss:1  | Murumi the Formicid Abyssal Knight began the quest for the
                  | Orb.
     0 | Abyss:1  | Reached XP level 1. HP: 18/18 MP: 2/2
    92 | Abyss:1  | Noticed a spatial vortex
   100 | Abyss:1  | Noticed a small abomination
   101 | D:1      | Escaped the Abyss
   140 | D:1      | Reached skill level 1 in Dodging
   199 | D:1      | Reached XP level 2. HP: 4/25 MP: 3/3
   205 | D:1      | Reached ** piety under Lugonu
  1037 | D:1      | Reached XP level 3. HP: 24/30 MP: 4/4
  1617 | D:2      | Found Enuek's Book Boutique.
  1748 | D:2      | Noticed Robin
  1781 | D:2      | Killed Robin
  1786 | D:2      | Reached skill level 1 in Stealth
  1869 | D:2      | Reached XP level 4. HP: 23/36 MP: 6/6
  2857 | D:2      | Noticed Natasha
  2866 | D:2      | Killed Natasha
  2867 | D:2      | Reached XP level 5. HP: 35/42 MP: 7/7
  3133 | D:2      | Noticed Natasha
  3147 | D:2      | Killed Natasha
  3383 | D:2      | Noticed Natasha
  3393 | D:2      | Killed Natasha
  3601 | D:3      | Noticed Jessica
  3642 | D:3      | Reached *** piety under Lugonu
  3703 | D:3      | Reached XP level 6. HP: 48/48 MP: 8/8
  3817 | D:3      | Found a faded altar of an unknown god.
  4053 | D:3      | Found a blossoming altar of Fedhas.
  4356 | D:3      | Killed Jessica
  4503 | D:4      | Identified the +9 whip "Ikhien" {vorpal, rElec Will+ Int-5}
  4567 | D:4      | Noticed Menkaure
  4639 | D:4      | Killed Menkaure
  4687 | D:4      | Reached skill level 5 in Fighting
  4691 | D:4      | Reached XP level 7. HP: 49/56 MP: 9/9
  4997 | D:5      | Entered Level 5 of the Dungeon
  5023 | D:5      | Reached skill level 5 in Armour
  5146 | D:5      | Noticed Grinder
  5170 | D:5      | Killed Grinder
  5171 | D:5      | Reached XP level 8. HP: 48/64 MP: 10/10
  5332 | D:5      | Found a staircase to the Ecumenical Temple.
  5457 | D:5      | Reached skill level 5 in Maces & Flails
  5460 | D:5      | Found a glowing golden altar of the Shining One.
  5462 | D:5      | Found a shimmering altar of Xom.
  5550 | D:5      | Reached **** piety under Lugonu
  5709 | D:5      | Noticed Duvessa
  5711 | D:5      | Noticed Dowan
  5726 | D:5      | Killed Duvessa
  5756 | D:5      | Killed Dowan
  6120 | D:5      | Found a sparkling altar of Nemelex Xobeh.
  6260 | D:5      | Found a sacrificial altar of Ru.
  6357 | D:6      | Noticed a two-headed ogre
  6530 | D:6      | Reached XP level 9. HP: 53/71 MP: 12/12
  6793 | D:6      | Noticed Maggie
  6815 | D:6      | Killed from afar by Maggie

Illustrated notes

Levels and vault maps discovered:
D:1:      lemuel_arrival_tunnels, layout_basic, chequers_garden
D:2:      layout_loops_ring, serial_shops, shop, uniq_robin, uniq_natasha
D:3:      layout_basic, fedhas_altar_fruit_tree, ebering_ecumenical_altar_ruins,
          uniq_jessica
D:4:      layout_rooms, uniq_menkaure
D:5:      layout_basic, mainiacjoe_overflow_alcove_1, lemuel_tele_altar,
          jmf_multi_god_temple, minmay_temple_entry_water_ring, serial_curves,
          eino_curves_04, eino_curves_04, eino_curves_03, eino_curves_01,
          corexii_checkpoint_b, uniq_duvessa, uniq_grinder
D:6:      minmay_general_purpose_star, layout_basic, uniq_eustachio, uniq_maggie

Skill      XL: |  1  2  3  4  5  6  7  8  9 |
---------------+----------------------------+-----
Dodging        | 1 2 |  2.0
Fighting       | 4 5 6 7 |  7.0
Armour         | 3 4 5 6 7 |  7.0
Invocations    | 3 4 |  4.0
Stealth        | 1 2 3 4 |  4.0
Maces & Flails | 3 4 5 |  5.1
Evocations     | 3 |  3.0

Action                   |  1- 3 |  4- 6 |  7- 9 || total
-------------------------+-------+-------+-------++-------
Melee: Mace              |    31 |       |       ||    31
       Whip              |    94 |   204 |   137 ||   435
       Punch             |       |     1 |       ||     1
Invok: Depart the Abyss  |     1 |       |       ||     1
 Abil: Dig               |     2 |       |     1 ||     3
  Use: Scroll            |     5 |     5 |       ||    10
       Potion            |       |       |     1 ||     1
Armor: Leather armour    |    19 |       |       ||    19
       Ring mail         |     6 |    47 |       ||    53
       Chain mail        |       |    29 |    42 ||    71
       Plate armour      |       |       |     2 ||     2
Dodge: Dodged            |    66 |    67 |    30 ||   163

Table legend: (Time is in decaauts)
 A = Elapsed time spent in this place.
 B = Non-inter-level travel time spent in this place.
 C = Inter-level travel time spent in this place.
 D = Time resting spent in this place.
 E = Time spent auto-exploring this place.
 F = Levels seen in this place.
 G = Mean time per level.
                   A        B        C        D        E       F      G
               +--------+--------+--------+--------+--------+-----+--------+
         Total |   6808 |   6351 |    457 |     17 |   5222 |   7 |  972.6 |
       Dungeon |   6707 |   6250 |    457 |     17 |   5127 |   6 | 1117.8 |
         Abyss |    101 |    101 |      0 |      0 |     95 |   1 |  101.0 |
               +--------+--------+--------+--------+--------+-----+--------+

Top non-repeatable levels by time:
     D:2: 2005 daAuts
     D:1: 1522 daAuts
     D:5: 1350 daAuts
     D:3: 834 daAuts
     D:4: 584 daAuts
     D:6: 410 daAuts
 Abyss:1: 101 daAuts
